cohdb
Replays
Latest Replays
All Replays
Popular Replays
Top Player Replays
Match Explorer
How It Works
Community
CoH3 Stats
Reddit
Sign in to upload your games and track your stats! →
Sign in with Steam
Match 32482978
Unlisted
Match 32482978
Overview
Messages
Build Orders
End
Selects Advanced Infantry Battlegroup
Construct Barracks
Riflemen Squad
Riflemen Squad
Riflemen Squad
Riflemen Squad
Selects Convert to Ranger Squad
Riflemen Squad
Infantry Support Center
Grenade Package
Convert to Ranger Squad
Selects Frontline Medical Station
Advanced Logistics
Frontline Medical Station
Construct Motor Pool
Selects Ranger Weapon Training
Convert to Ranger Squad
Riflemen Squad
Selects Ammunition Storage
Selects M2A1 105mm Howitzer Emplacement
Frontline Medical Station
Convert to Ranger Squad
M1918 Browning Automatic Rifles
Survival Training
Construct Tank Depot
Selects 155mm Rapid Artillery Barrage
Engineer Squad
Microsoft Office Excel
Microsoft Office Word
просто кэмпер
Kleepi
0
0
Comments
sign in to comment!
No comments posted yet!